 Dungeon Crawl Stone Soup version 0.18.1-48-g4cf74bf (webtiles) character file.

2138 dearth the Cleaver (level 9, -5/78 HPs)
             Began as a Hill Orc Fighter on Aug 4, 2016.
             Was a Follower of Beogh.
             Slain by an orc warrior
             ... wielding a +0 battleaxe
              (20 damage)
             ... on level 7 of the Dungeon.
             The game lasted 00:16:17 (6016 turns).

dearth the Cleaver (Hill Orc Fighter)               Turns: 6016, Time: 00:16:18

Health: -5/78      AC: 10    Str: 22    XL:     9   Next: 30%
Magic:  12/12      EV:  8    Int:  8    God:    Beogh [*.....]
Gold:   248        SH: 11    Dex: 10    Spells: 0 memorised, 8 levels left

rFire  . . .     SeeInvis .     w - +1 hand axe (holy)
rCold  . . .     Gourm    .     b - +0 scale mail
rNeg   + . .     Faith    .     c - +0 shield
rPois  .         Spirit   .     k - +0 helmet
rElec  .         Dismiss  .     (no cloak)
rCorr  .         Reflect  .     (no gloves)
SustAt .         Harm     .     q - +0 pair of boots
MR     +....                    (no amulet)
Stlth  ..........               v - ring of protection from magic
                                d - ring of positive energy

@: somewhat resistant to hostile enchantments, extremely unstealthy
A: no striking features
a: Renounce Religion


You were on level 7 of the Dungeon.
You worshipped Beogh.
Beogh was aware of your devotion.
You were not hungry.

You visited 1 branch of the dungeon, and saw 7 of its levels.

You collected 248 gold pieces.

Inventory:

Hand Weapons
 a - a +1 war axe
 w - a +1 hand axe of holy wrath (weapon)
Armour
 b - a +0 scale mail (worn)
 c - a +0 shield (worn)
 h - a +2 leather armour of positive energy
 k - a +0 helmet (worn)
 q - a +0 pair of boots (worn)
Jewellery
 d - a ring of positive energy (left hand)
 v - a ring of protection from magic (right hand)
Wands
 g - a wand of lightning (12/15)
 u - a wand of flame (47/48)
Scrolls
 m - a scroll of enchant weapon
 o - 8 scrolls of identify
 y - 2 scrolls of remove curse
 z - a scroll of recharging
Potions
 e - 2 potions of curing {unknown}
 i - a potion of invisibility {unknown}
 j - a potion of flight {unknown}
 p - a potion of cure mutation {unknown}
 r - a potion of cancellation {unknown}
 s - a potion of mutation {unknown}
 t - 3 potions of brilliance {unknown}
 x - a potion of lignification {unknown}
 B - a potion of agility {unknown}
Comestibles
 f - 8 bread rations
 l - 18 fruits
 n - 5 meat rations


   Skills:
 + Level 6.4 Fighting
 * Level 9.2 Axes
 + Level 5.9 Armour
 + Level 6.2 Shields
 + Level 5.2 Invocations
 + Level 3.9 Evocations


You had 8 spell levels left.
You didn't know any spells.

Dungeon Overview and Level Annotations

Branches:
Dungeon (7/15)             Temple (0/1) D:5

Altars:
Cheibriados
Kikubaaqudgha
Nemelex Xobeh
Sif Muna
Xom
Yredelemnul

Shops:
D:5 %


Message History

* * * LOW HITPOINT WARNING * * *
The hound completely misses you. You block the orc wizard's attack.
You miss the orc wizard.
You hit the orc warrior but do no damage.
The orc warrior is severely wounded.
Your shield prevents you from hitting the hound.
The hound is severely wounded.
You block the hound's attack. The orc warrior barely misses you.
The orc wizard barely misses you. The hound bites you.
* * * LOW HITPOINT WARNING * * *
You closely miss the orc warrior.
The orc warrior is severely wounded.
You hit the hound.
The hound is severely wounded.
You closely miss the orc wizard. The hound bites you.
* * * LOW HITPOINT WARNING * * *
You block the orc wizard's attack.
The orc warrior hits you with a battleaxe!!
You die...
Beogh appreciates the orc warrior's killing of a heretic priest.

..... ..... ......
%.....
......############
.................#
#.....ho.........#
#..)@o........#
#...........<.#
#####........##
##......##
########


You could see an orc warrior, a hound and an orc wizard.

Vanquished Creatures
  The ghost of p0werm0de the Martial Artist, a novice OpMo (D:5)
  The ghost of Heedrag the Slasher, an amateur MiFi (D:4)
  3 ice beasts
  4 sky beasts
  3 ogres
  A centaur (D:4)
  A giant frog (D:4)
  3 crimson imps
  A giant frog zombie (D:5)
  A jelly (D:6)
  3 hounds (D:4)
  2 worker ants (D:5)
  2 worker ant zombies
  9 adders
  8 gnolls (D:4)
  A shadow imp (D:6)
  4 worms
  3 dart slugs
  3 giant geckos
  5 orcs
  3 ball pythons
  10 bats
  7 giant cockroaches
  7 hobgoblins
  21 jackals
  10 kobolds
  2 quokkas
  4 giant newts
  9 goblins
  A quokka skeleton (D:7)
  12 rats
145 creatures vanquished.

Vanquished Creatures (others)
  2 orcs (D:3)
2 creatures vanquished.

Grand Total: 147 creatures vanquished

Notes
Turn   | Place    | Note
--------------------------------------------------------------
     0 | D:1      | dearth the Hill Orc Fighter began the quest for the Orb.
     0 | D:1      | Reached XP level 1. HP: 19/19 MP: 1/1
    23 | D:1      | Reached skill level 3 in Axes
    30 | D:1      | Reached XP level 2. HP: 18/27 MP: 2/2
   374 | D:1      | Reached XP level 3. HP: 33/33 MP: 3/3
  1071 | D:2      | Reached skill level 4 in Axes
  1480 | D:2      | Reached XP level 4. HP: 40/40 MP: 4/4
  1617 | D:2      | Found a deep blue altar of Sif Muna.
  1740 | D:3      | Reached XP level 5. HP: 44/47 MP: 5/5
  1756 | D:3      | Found a shimmering altar of Xom.
  2093 | D:3      | Became a worshipper of Beogh the Brigand
  2377 | D:4      | Reached skill level 5 in Axes
  2412 | D:4      | Reached skill level 1 in Invocations
  2412 | D:4      | Reached XP level 6. HP: 48/53 MP: 6/6
  2423 | D:4      | Reached skill level 1 in Evocations
  2532 | D:4      | Reached skill level 5 in Fighting
  2537 | D:4      | Reached skill level 6 in Axes
  2537 | D:4      | Reached XP level 7. HP: 7/61 MP: 8/8
  3053 | D:4      | Noticed Heedrag's ghost (amateur MiFi)
  3060 | D:4      | Killed Heedrag's ghost
  3060 | D:4      | Reached skill level 5 in Shields
  3284 | D:4      | Found a sparkling altar of Nemelex Xobeh.
  3284 | D:4      | Found a snail-covered altar of Cheibriados.
  3285 | D:4      | Found a basalt altar of Yredelemnul.
  3378 | D:5      | Entered Level 5 of the Dungeon
  3387 | D:5      | Reached skill level 7 in Axes
  3387 | D:5      | Reached skill level 5 in Armour
  3387 | D:5      | Reached XP level 8. HP: 20/69 MP: 10/10
  3403 | D:5      | HP: 2/69 [ice beast (8)]
  3654 | D:5      | Noticed p0werm0de's ghost (novice OpMo)
  3663 | D:5      | Killed p0werm0de's ghost
  3720 | D:5      | Reached * piety under Beogh
  3731 | D:5      | Reached skill level 8 in Axes
  3791 | D:5      | Found Plog's Food Shop.
  3902 | D:5      | Found a staircase to the Ecumenical Temple.
  4400 | D:5      | Reached XP level 9. HP: 71/75 MP: 12/12
  5229 | D:6      | Found a snail-covered altar of Cheibriados.
  5368 | D:6      | Found an ancient bone altar of Kikubaaqudgha.
  5435 | D:6      | Reached skill level 9 in Axes
  5435 | D:6      | Reached skill level 5 in Invocations
  6016 | D:7      | Slain by an orc warrior

Skill      XL: |  1  2  3  4  5  6  7  8  9 |
---------------+----------------------------+-----
Axes           | 3 4 5 6 7 8 9 |  9.2
Fighting       | 4 5 6 |  6.4
Shields        | 4 5 6 |  6.2
Armour         | 4 5 |  5.9
Invocations    | 1 2 3 4 5 |  5.2
Evocations     | 1 2 3 |  3.9

Action                   |  1- 3 |  4- 6 |  7- 9 || total
-------------------------+-------+-------+-------++-------
Melee: War axe           |   123 |   167 |     3 ||   293
       Hand axe          |       |       |   334 ||   334
Invok: Convert to Beogh  |       |     1 |       ||     1
  Use: Scroll            |     2 |     6 |     6 ||    14
       Potion            |       |       |     2 ||     2
  Eat: Chunk             |     1 |     2 |     7 ||    10
       Fruit             |       |     3 |       ||     3
       Beef jerky        |       |       |     2 ||     2
       Pizza             |       |       |     1 ||     1
Armor: Scale mail        |   107 |    93 |   120 ||   320
Dodge: Dodged            |    47 |    52 |    69 ||   168
Block: Shield            |   115 |   112 |   132 ||   359
